 Dungeon Crawl Stone Soup version 0.23-a0-398-g8eab93f (webtiles) character file.

441 RonnieColeman the Skirmisher (level 6, 0/57 HPs)
             Began as a Minotaur Berserker on Nov 3, 2018.
             Was a Priest of Trog.
             Slain by an orc wizard
             ... wielding a +0 dagger
              (5 damage)
             ... on level 4 of the Dungeon.
             The game lasted 00:07:37 (3258 turns).

RonnieColeman the Skirmisher (Minotaur Berserker)   Turns: 3258, Time: 00:07:41

Health: 0/57       AC:  3    Str: 22    XL:     6   Next: 70%
Magic:  5/5        EV: 14    Int:  4    God:    Trog [***...]
Gold:   216        SH:  0    Dex: 11    Spells: 5/5 levels left

rFire    . . .     SeeInvis .   a - +0 hand axe
rCold    . . .     Gourm    .   (no shield)
rNeg     . . .     Faith    .   b - +0 animal skin
rPois    .         Spirit   .   (helmet restricted)
rElec    .         Reflect  .   o - +0 cloak
rCorr    .         Harm     .   (no gloves)
MR       .....                  (no boots)
Stlth    +.........             (no amulet)
HPRegen  0.19/turn              (no ring)
MPRegen  0.09/turn              (no ring)

@: berserk cooldown, slowed, very slow
A: retaliatory headbutt, horns 2
a: Berserk, Trog's Hand, Renounce Religion


You were on level 4 of the Dungeon.
You worshipped Trog.
Trog was most pleased with you.
You were not hungry.

You visited 1 branch of the dungeon, and saw 4 of its levels.

You collected 216 gold pieces.

Inventory:

Hand Weapons
 a - a +0 hand axe (weapon)
 p - a +4 quarterstaff of chaos
Armour
 b - a +0 animal skin (worn)
 o - a +0 cloak (worn)
Jewellery
 s - an uncursed amulet of the acrobat {unknown}
Wands
 x - a wand of paralysis (9)
Scrolls
 e - 2 scrolls of teleportation {unknown}
 f - a scroll of blinking {unknown}
 g - 5 scrolls of remove curse {unknown}
 i - a scroll of fog {unknown}
 k - 4 scrolls of identify {unknown}
 l - 2 scrolls of magic mapping {unknown}
 m - 3 scrolls of immolation {unknown}
 w - a scroll of noise {unknown}
Potions
 d - a potion of heal wounds {unknown}
 h - 3 potions of haste {unknown}
 j - a potion of lignification {unknown}
 n - 2 potions of might
 q - a potion of flight {unknown}
 r - a potion of ambrosia {unknown}
 t - a potion of mutation {unknown}
 u - 3 potions of resistance {unknown}
Comestibles
 c - 6 rations
 v - a chunk of flesh


   Skills:
 * Level 5.8 Fighting
 * Level 5.8 Axes
 + Level 3.8 Armour
 * Level 4.6 Dodging


You had 5 spell levels left.
You didn't know any spells.
Your spell library was empty.

Dungeon Overview and Level Annotations

Branches:
Dungeon (4/15)
 Temple: D:4-7

Altars:
Hepliaklqana
Okawaru
Xom
Yredelemnul


Innate Abilities, Weirdness & Mutations

You reflexively headbutt those who attack you in melee.
You have a pair of horns on your head.


Message History

A gnoll comes into view. It is wielding a +0 whip.
The gnoll misses you. You furiously retaliate!
You headbutt the gnoll. You barely miss the gnoll.
The gnoll shouts!
Your headbutt misses the gnoll.
The gnoll is moderately wounded.
The gnoll closely misses you. You furiously retaliate!
You headbutt the gnoll. The gnoll barely misses you.
You hit the gnoll.
The gnoll is almost dead.
The gnoll hits you with a +0 spear!
* * * LOW HITPOINT WARNING * * *
You hit the gnoll.
You kill the gnoll!
Trog accepts your kill.
You slash the gnoll!
You hit the orc wizard but do no damage.
You hear the slow rusting of a distant drain.
The orc wizard hits you with a +0 dagger.
You die...

.##......#
..#.####.# .##.# #.#
.##.# #.# ..#.# #.#
#.#.# #.# #.#.#
#.############ #
#.#.# #.##.........#
.. ..#.#
#.##.....@...# ##.o.
###.#
#.##....g)o))##.≈o≈.
# #.#
#..'........[).≈≈≈≈≈
###.#
#.##.....g.....≈≈w≈≈
....#
#.######....)..≈≈≈≈≈
#####
#>............<.≈≈≈.
...#
#.#####........##...
...# ..#
#..........# ..o
...#
#.....#........# ..


You could see an orc wizard and 2 gnolls.

Vanquished Creatures
  A sky beast (D:3)
  A howler monkey (D:3)
  Crazy Yiuf (D:2)
  4 orc priests
  4 gnolls
  2 adders
  4 worms
  A dart slug (D:1)
  2 leopard geckos
  15 orcs
  4 giant cockroaches
  10 goblins
  6 hobgoblins (D:1)
  14 kobolds
  3 quokkas
  8 bats
  3 frilled lizards
  9 rats
92 creatures vanquished.

Notes
Turn   | Place    | Note
-------+----------+-------------------------------------------
     0 | D:1      | RonnieColeman the Minotaur Berserker began the quest for
                  | the Orb.
     0 | D:1      | Reached XP level 1. HP: 19/19 MP: 0/0
   140 | D:1      | Reached XP level 2. HP: 16/27 MP: 1/1
   431 | D:1      | Reached ** piety under Trog
   615 | D:1      | Reached XP level 3. HP: 33/33 MP: 2/2
  1269 | D:2      | Found a runed door.
  1372 | D:2      | Noticed Crazy Yiuf
  1379 | D:2      | Killed Crazy Yiuf
  1440 | D:2      | Found a basalt altar of Yredelemnul.
  1442 | D:2      | Reached XP level 4. HP: 41/41 MP: 3/3
  1979 | D:3      | Reached XP level 5. HP: 43/47 MP: 4/4
  2211 | D:3      | Reached *** piety under Trog
  2253 | D:3      | Reached skill level 5 in Fighting
  2364 | D:3      | Noticed a sky beast
  2368 | D:3      | Reached skill level 5 in Axes
  2371 | D:3      | Killed a sky beast
  2371 | D:3      | Reached XP level 6. HP: 38/56 MP: 5/5
  2559 | D:3      | Found a hazy altar of Hepliaklqana.
  2692 | D:3      | Found an iron altar of Okawaru.
  3020 | D:3      | Found a shimmering altar of Xom.
  3020 | D:3      | Noticed a yak
  3021 | D:3      | Noticed a yak
  3021 | D:3      | Noticed a spectral ugly thing
  3235 | D:4      | HP: 3/85 [orc priest/divine providence (14)]
  3236 | D:4      | HP: 1/85 [orc priest (2)]
  3243 | D:4      | HP: 1/57 [orc/+0 hand axe (7)]
  3258 | D:4      | Slain by an orc wizard

Vault maps used:
D:1:      dpeg_cavernosity, hex_large
D:2:      minmay_wonky_spiral, yredelemnul_altar_generic, first_ration,
          uniq_crazy_yiuf_cottage
D:3:      regret_index_temple_of_mockery, okawaru_ov_weapons_minmay
D:4:      kennysheep_goblin_castle, kennysheep_slug_shrine,
          portal_sewer_entry_d, uniq_blork_the_orc

Skill      XL: |  1  2  3  4  5 |
---------------+----------------+-----
Axes           | 4 5 |  5.8
Fighting       | 4 5 |  5.8
Dodging        | 3 4 |  4.6
Armour         | 3 |  3.8

Action                   |  1- 3 |  4- 6 || total
-------------------------+-------+-------++-------
Melee: Hand axe          |    62 |   111 ||   173
       Headbutt          |     6 |    23 ||    29
Invok: Berserk           |     2 |     4 ||     6
       Trog's Hand       |       |     1 ||     1
 Stab: Sleeping          |     1 |       ||     1
  Eat: Chunk             |     3 |    10 ||    13
Armor: Animal skin       |    11 |    14 ||    25
Dodge: Dodged            |    38 |    74 ||   112

Table legend:
 A = Non-vault XP
 B = Vault XP
 C = Vault XP percentage of total XP
 D = Non-vault monster count
 E = Vault monster count
 F = Vault count percentage of total count
                 A         B        C        D         E       F
            +---------+---------+-------+---------+---------+-------
      Total |     579 |      51 |   8.1 |      84 |       8 |   8.7
            +---------+---------+-------+---------+---------+-------
        D:1 |      46 |       6 |  11.5 |      28 |       4 |  12.5
        D:2 |      87 |      45 |  34.1 |      19 |       4 |  17.4
        D:3 |     332 |       0 |   0.0 |      28 |       0 |   0.0
        D:4 |     114 |       0 |   0.0 |       9 |       0 |   0.0
            +---------+---------+-------+---------+---------+-------
